Map: 2000 Atmospheres LE

Players

CoCoLeee

  • Race: Terran Terran
  • League: Platinum

Massa - Winner!

  • Race: Terran Terran
  • League: Platinum

VOD

Have the link to the VOD?

Description

Time

  • Played on: April 7, 2021, 5:17 p.m.
  • Length: 14:56
Show
View Real Time Build Order
Export as new Build Order

CoCoLeee Terran 

Build Orders:  

Get SALT Encoding   

  12  0:00  SCV  
  13  0:12  SCV  
  14  0:18  Supply Depot  
  14  0:24  SCV  
  15  0:39  SCV  
  16  0:42  Barracks  
  16  0:46  Refinery  
  16  0:51  SCV  
  17  1:04  SCV  
  18  1:16  SCV  
  19  1:29  Orbital Command  
  19  1:32  Barracks Reactor  
  19  2:00  Barracks  
  19  2:05  Supply Depot  
  19  2:08  Supply Depot  
  19  2:09  Marine x2  
  19  2:11  SCV  
  22  2:19  Barracks  
  22  2:26  SCV  
  22  2:27  Marine  
  24  2:37  Engineering Bay  
  24  2:38  SCV  
  24  2:43  Marine  
  24  2:45  Marine  
  24  2:57  Marine  
  23  3:01  Marine  
  23  3:03  Marine  
  20  3:14  Marine  
  20  3:15  Marine  
  20  3:19  Marine  
  22  3:21  Marine  
  23  3:32  SCV, Marine  
  25  3:37  Marine  
  26  4:03  Factory  
  26  4:06  Barracks Tech Lab  
  26  4:16  SCV  
  27  4:24  Command Center  
  27  4:28  Stimpack  
  27  4:30  Barracks Tech Lab  
  27  4:33  SCV  
  29  4:45  SCV  
  29  4:48  Bunker  
  29  4:50  Marine  
  29  4:51  Marine  
  31  4:57  SCV  
  32  5:04  Supply Depot  
  32  5:09  SCV  
  32  5:12  Marine  
  33  5:22  SCV  
  33  5:40  Bunker  
  33  5:42  Marine  
  33  5:43  Marine x2  
  33  5:44  Orbital Command, Factory Reactor  
  33  5:49  Starport  
  36  5:51  Marine  
  36  5:55  SCV  
  38  6:05  Orbital Command  
  38  6:07  SCV  
  39  6:16  Refinery  
  39  6:19  SCV  
  40  6:31  SCV  
  41  6:34  SCV  
  42  6:43  SCV, Combat Shield  
  42  6:46  SCV  
  42  6:47  Barracks  
  44  6:48  Refinery, Medivac  
  46  6:55  SCV  
  46  6:58  SCV  
  48  7:10  Marine x2  
  48  7:11  Marine  
  48  7:12  SCV, Marine  
  53  7:20  SCV  
  54  7:27  Supply Depot  
  54  7:28  Marine x2  
  54  7:29  Marauder  
  58  7:31  Marauder  
  60  7:43  Barracks Tech Lab  
  51  7:45  Factory Tech Lab, Medivac  
  51  7:46  Marine x2  
  51  7:50  SCV x2, Marine  
  58  7:52  Marine  
  58  7:57  Refinery  
  57  8:02  SCV x2  
  57  8:04  Reaper, Marine  
  57  8:05  Medivac  
  57  8:08  Marine  
  57  8:09  Marine  
  57  8:10  Marine  
  55  8:14  SCV x2  
  55  8:15  Medivac  
  59  8:21  Marine  
  59  8:25  Marine  
  59  8:26  SCV x2  
  63  8:27  Marine x2  
  63  8:28  Engineering Bay  
  62  8:36  Marine  
  62  8:37  Viking  
  62  8:39  Marine  
  66  8:43  Marine  
  66  8:45  Marine  
  66  8:47  Medivac  
  70  9:03  Terran Infantry Weapons Level 1  
  70  9:05  Marine  
  70  9:06  SCV  
  70  9:07  SCV, Engineering Bay  
  70  9:42  Marine  
  70  9:44  Marine x2  
  70  9:45  Marine x2, Viking  
  70  9:46  Viking  
  62  9:59  SCV  
  63  10:00  SCV, Marine  
  63  10:01  Marine  
  63  10:02  Marine  
  63  10:03  Marine x2  
  69  10:11  SCV  
  70  10:21  Command Center  
  70  10:22  Terran Infantry Armor Level 1  
  70  10:25  Armory  
  70  10:31  SCV x2, Marine x2, Medivac x2, Supply Depot  
  70  10:32  Supply Depot  
  78  10:49  Marine  
  78  10:50  Marine, Concussive Shells  
  78  10:51  Marine  
  78  10:52  Marine x2  
  78  10:53  SCV  
  63  11:06  Marine  
  63  11:08  Marine  
  63  11:09  Marine  
  63  11:10  Marine x2  
  48  11:24  Starport Reactor  
  48  11:25  Factory Tech Lab, Marauder, Marine  
  46  11:27  Marine  
  46  11:28  Marine x2  
  50  11:37  SCV x2  
  50  11:38  Orbital Command  
  52  11:43  Marine  
  52  11:44  Marine  
  52  11:45  Marine  
  52  11:46  Marine x2  
  57  11:49  SCV x2  
  59  12:01  SCV x2, Marine  
  60  12:02  Marine, Medivac  
  60  12:06  SCV  
  66  12:13  SCV x2  
  68  12:18  SCV  
  68  12:21  Siege Tank  
  72  12:25  SCV x2  
  72  12:27  Viking  
  74  12:30  SCV  
  75  12:37  Marine x3  
  75  12:40  Medivac  
  78  12:57  Viking  
  80  13:08  Marine x5  
  80  13:09  SCV x2  
  80  13:10  SCV, Viking  
  90  13:21  SCV x2  
  90  13:22  SCV  
  92  13:27  Viking  
  92  13:33  SCV, Marine x4  
  100  13:36  Barracks Reactor  
  100  13:38  Siege Tank  
  102  13:51  Marine x3  
  102  13:52  Marauder  
  104  14:09  Marine x2  
  98  14:10  Marauder  
  98  14:12  Marine  
  98  14:16  Medivac  
  98  14:17  Marine x2, Medivac  
  96  14:20  SCV x2  
  99  14:26  Marine x2  
  99  14:30  Marine x2  
  95  14:35  Marine x2  
Show
View Real Time Build Order
Export as new Build Order

Massa Terran - Winner!

Build Orders:  

Get SALT Encoding   

  12  0:00  SCV  
  13  0:12  SCV  
  14  0:17  Supply Depot  
  14  0:24  SCV  
  15  0:38  SCV  
  16  0:56  Barracks  
  16  1:03  Barracks  
  16  1:04  SCV  
  17  1:08  Refinery  
  17  1:13  Refinery  
  17  1:16  SCV  
  18  1:29  Supply Depot  
  18  1:34  SCV  
  19  1:45  Reaper  
  20  1:54  Reaper  
  20  2:00  Supply Depot  
  21  2:04  Orbital Command  
  21  2:18  Reaper  
  22  2:30  SCV  
  22  2:32  Reaper  
  24  2:50  Reaper  
  25  3:04  Reaper  
  23  3:30  SCV  
  23  3:33  Command Center  
  24  3:40  Factory  
  24  3:41  Barracks  
  22  4:11  Factory  
  22  4:27  Factory Tech Lab  
  22  4:30  Factory Reactor  
  22  4:31  Barracks Reactor  
  22  4:35  Barracks Tech Lab  
  22  4:36  SCV  
  23  4:43  Starport  
  23  4:48  SCV  
  23  4:49  Supply Depot  
  23  4:52  Barracks Reactor  
  24  4:56  Marine  
  27  5:00  Hellion  
  26  5:10  Marine x2  
  26  5:11  Hellion x2  
  33  5:21  Hellion  
  33  5:35  Hellion x2  
  37  5:42  Starport Reactor  
  39  5:47  Engineering Bay  
  39  5:48  Barracks Reactor  
  39  5:50  Factory Tech Lab  
  39  5:52  Marine x2  
  39  5:56  Hellion x2  
  43  6:00  Barracks Tech Lab  
  43  6:09  Orbital Command  
  43  6:10  Marine  
  43  6:11  Siege Tank  
  47  6:13  Infernal Pre-Igniter  
  47  6:18  Hellion x2  
  51  6:30  Marine x2  
  51  6:32  Liberator  
  56  7:02  Liberator  
  59  7:15  Liberator  
  60  7:27  Hellion  
  62  7:31  Terran Infantry Weapons Level 1, Supply Depot  
  62  7:33  Supply Depot x2  
  62  7:34  Supply Depot  
  62  7:38  Hellion  
  62  7:40  Orbital Command  
  62  7:53  Siege Tank  
  62  7:55  SCV  
  58  8:07  SCV  
  49  8:20  SCV  
  49  8:32  SCV  
  50  8:34  Marine  
  50  8:35  Marauder, Marine x3  
  50  8:38  Stimpack  
  50  8:39  SCV  
  57  8:44  SCV  
  58  8:49  Armory  
  58  8:51  SCV  
  58  8:52  Marine  
  58  8:53  Missile Turret  
  58  8:54  Medivac  
  62  8:55  Medivac  
  62  8:56  SCV, Marauder  
  67  9:04  SCV  
  65  9:25  Terran Infantry Armor Level 1  
  65  9:30  Siege Tank  
  68  9:32  Hellion x2  
  68  9:33  Marauder, Marine  
  68  9:34  Marine x3  
  68  9:36  Viking  
  75  9:51  Marine x2  
  73  9:53  Hellion x2  
  73  9:55  Marauder  
  79  10:10  Siege Tank  
  82  10:16  Refinery  
  82  10:19  Refinery  
  82  10:22  Command Center  
  82  10:35  Missile Turret  
  62  11:30  SCV x2  
  62  11:31  Siege Tank  
  67  11:33  Marauder, Marine x3  
  67  11:34  Marine  
  73  11:40  Barracks  
  73  11:41  Terran Infantry Weapons Level 2  
  73  11:42  SCV x2, Barracks  
  73  11:43  Terran Vehicle Weapons Level 1  
  73  11:44  Planetary Fortress  
  75  11:51  Marine x3  
  75  11:54  SCV x2, Combat Shield  
  78  11:55  Marauder  
  82  12:03  Siege Tank  
  82  12:06  SCV x2  
  82  12:07  Missile Turret  
  87  12:10  Medivac  
  87  12:11  Medivac  
  91  12:18  SCV  
  92  12:23  SCV x2  
  94  12:30  SCV  
  94  12:35  SCV x2  
  97  12:40  Medivac  
  97  12:42  SCV  
  100  12:47  SCV x2  
  102  12:54  SCV  
  102  12:57  Viking  
  105  13:10  Viking  
  107  13:13  Marauder, Marine x2  
  109  13:20  Barracks  
  109  13:23  Supply Depot  
  109  13:24  Barracks  
  109  13:27  Supply Depot x3  
  109  13:29  Supply Depot x2  
  109  13:33  Refinery x2  
  109  13:37  Supply Depot  
  109  13:38  Supply Depot  
  109  13:39  Supply Depot  
  109  13:40  Siege Tank, Supply Depot  
  109  13:45  Marauder, Marine x4, Viking  
  109  13:48  Widow Mine x2, Viking  
  123  14:02  Marine  
  119  14:06  Marauder  
  126  14:10  Widow Mine x2  
  126  14:13  Siege Tank  
  121  14:23  Marine  
  121  14:24  Marine x5  
  123  14:28  Marauder  
Tags
 
Add a new tag
Caveats
  • Supply blocks, unpowered buildings, or Contaminate may cause inaccurate times.
  • Supply counts are checked every 10 seconds.